 Dungeon Crawl Stone Soup version 0.24-a0-582-g4d4af813a0 (webtiles) character file.

Game seed: 11753398563716562113

2 ElectroBlueGuy the Grave Robber (level 1, 0/9 HPs)
             Began as a Vine Stalker Necromancer on Aug 27, 2019.
             Slain by a leopard gecko (2 damage)
             ... on level 1 of the Dungeon.
             The game lasted 00:01:25 (334 turns).

ElectroBlueGuy the Grave Robber (VSNe)               Turns: 334, Time: 00:01:26

Health: 0/9        AC:  2    Str: 10    XL:     1   Next: 30%
Magic:  0/4        EV: 12    Int: 15    God:
Gold:   0          SH:  0    Dex: 14    Spells: 2/4 levels left

rFire    . . .     SeeInvis .   b - +0 dagger
rCold    . . .     Gourm    .   (no shield)
rNeg     . . .     Faith    .   a - +0 robe
rPois    .         Spirit   +   (no helmet)
rElec    .         Reflect  .   (no cloak)
rCorr    .         Harm     .   (no gloves)
MR       .....                  (no boots)
Stlth    ++........             (no amulet)
HPRegen  0.03/turn              (no ring)
MPRegen  0.09/turn              (no ring)

@: no status effects
A: fangs 2, magic shield, antimagic bite, no potion heal 3, rot immunity
a: no special abilities


You were on level 1 of the Dungeon.
You were not hungry.

You visited 1 branch of the dungeon, and saw 1 of its levels.

Inventory:

Hand Weapons
 b - a +0 dagger (weapon)
Armour
 a - a +0 robe (worn)
Comestibles
 c - a ration


   Skills:
 + Level 0.0 Fighting
 + Level 1.6 Dodging
 + Level 2.5 Stealth
 + Level 2.2 Spellcasting
 + Level 4.0 Necromancy


You had 2 spell levels left.
You knew the following spells:

 Your Spells              Type           Power        Failure   Level  Hunger
a - Pain                  Necr           ##..         4%          1    #......
b - Animate Skeleton      Necr           N/A          4%          1    #......

Your spell library contained the following spells:

 Spells                   Type           Power        Failure   Level  Hunger
 Vampiric Draining        Necr           ##........   12%         3    ###....
 Regeneration             Chrm/Necr      #.........   28%         3    ###....
 Animate Dead             Necr           N/A          38%         4    #####..


Dungeon Overview and Level Annotations

Branches:
Dungeon (1/15)

Altars:


Innate Abilities, Weirdness & Mutations

You have extremely sharp teeth.
When hurt, damage is shared between your health and your magic reserves.
Your bite disrupts and absorbs the magic of your enemies.
Potions cannot restore your health.
You are immune to rotting.


Message History

You hit the bat but do no damage. The bat closely misses you. The bat hits you.
The rat bites you. The kobold misses you.
You barely miss the bat. Your bite misses the bat. The bat barely misses you.
The rat bites you but does no damage. The kobold barely misses you.
You hit the rat.
You kill the rat!
The bat barely misses you. The giant cockroach bites you. The kobold hits you.
You barely miss the bat. The bat hits you but does no damage.
The giant cockroach closely misses you. The leopard gecko misses you.
The kobold hits you.
You aren't carrying any scrolls.
The bat barely misses you. The giant cockroach closely misses you.
The leopard gecko misses you.
The kobold throws a stone.
The stone barely misses you. The giant cockroach barely misses you.
The leopard gecko closely misses you.
You hit the bat but do no damage. The bat misses you.
The giant cockroach bites you.
* * * LOW HITPOINT WARNING * * *
The leopard gecko bites you.
You die...

.# ## .# .. ..#.. ##
.... # ###. #..
.(.#b(.### #.##
.#....$@K############...
.>...!!ls..............#
###.#.##.##.##########.#
#... #.##.# #.. ###
#....# ##. ####.. #. #.#
## #.# # s.. #


You could see a leopard gecko, a giant cockroach, a bat and a kobold.

Vanquished Creatures
  A hobgoblin (D:1)
  A rat (D:1)
2 creatures vanquished.

Notes
Turn   | Place    | Note
-------+----------+-------------------------------------------
     0 | D:1      | ElectroBlueGuy the Vine Stalker Necromancer began the quest
                  | for the Orb.
     0 | D:1      | Reached XP level 1. HP: 9/9 MP: 4/4
    28 | D:1      | Learned a level 1 spell: Animate Skeleton
   334 | D:1      | Slain by a leopard gecko

Levels and vault maps discovered:
D:1:      mainiacjoe_arrival_reflecting_pool, layout_basic

Action                   || total
-------------------------++-------
Melee: Unarmed           ||    11
       Dagger            ||     7
       Bite              ||     3
 Cast: Pain              ||     1
       Animate Skeleton  ||     1
Armor: Robe              ||     6
Dodge: Dodged            ||    32

Table legend:
 A = Non-vault XP
 B = Vault XP
 C = Vault XP percentage of total XP
 D = Non-vault monster count
 E = Vault monster count
 F = Vault count percentage of total count
                 A         B        C        D         E       F
            +---------+---------+-------+---------+---------+-------
      Total |       3 |       0 |   0.0 |       2 |       0 |   0.0
            +---------+---------+-------+---------+---------+-------
        D:1 |       3 |       0 |   0.0 |       2 |       0 |   0.0
            +---------+---------+-------+---------+---------+-------
